| TOP OF THE 1ST |
|
Lakewood BlueClaws batting - Pitching for West Virginia Power : RHP Ryan Burson
|
|
Pitching: RHP Ryan Burson
|
|
|
Batting: RHB Tony Perez
|
0-0: Ball 1-0: Foul Ball, location: 2F 1-1: Ball 2-1: Foul Ball, location: 2F 2-2: Reached on error, E1 (Groundball, 15S, EV 66.2 MPH)
|
|
Batting: SHB Steve DeRienzo
|
0-0: Ball 1-0: Called Strike 1-1: Ball 2-1: Grounds into double play, 6-4-3 (Groundball, 6, EV 81.9 MPH)
|
|
Batting: RHB Alan Weller
|
0-0: Ball 1-0: Foul Ball, location: 2F 1-1: Ball 2-1: Foul Ball, location: 2F 2-2: Ground out 4-3 (Groundball, 34D, EV 88.8 MPH)
|
| Top of the 1st over - 0 runs, 0 hits, 1 error, 0 left on base; Lakewood 0 - West Virginia 0 |
| BOTTOM OF THE 1ST |
|
West Virginia Power batting - Pitching for Lakewood BlueClaws : RHP Pablo Medina
|
|
Pitching: RHP Pablo Medina
|
|
|
Batting: RHB Melvin Durland
|
0-0: Called Strike 0-1: Ground out 6-3 (Groundball, 6, EV 81.9 MPH)
|
|
Batting: RHB Hidesuke Yoshida
|
0-0: Ball 1-0: Ball 2-0: Called Strike 2-1: Ball 3-1: Called Strike 3-2: Fly out, F7 (Flyball, 78M, EV 91.2 MPH)
|
|
Batting: RHB Ricky Alvarado
|
0-0: Ball 1-0: Swinging Strike 1-1: Foul Ball, location: 2F 1-2: Strikes out swinging
|
| Bottom of the 1st over - 0 runs, 0 hits, 0 errors, 0 left on base; Lakewood 0 - West Virginia 0 |
| TOP OF THE 2ND |
|
Lakewood BlueClaws batting - Pitching for West Virginia Power : RHP Ryan Burson
|
|
Batting: SHB Brett St. Clair
|
0-0: Swinging Strike 0-1: Ball 1-1: Foul Ball, location: 2F 1-2: Ball 2-2: Strikes out swinging
|
|
Batting: RHB Mike Maserang
|
0-0: Swinging Strike 0-1: Ball 1-1: Foul Ball, location: 2F 1-2: Strikes out swinging
|
|
Batting: LHB Josh George
|
0-0: Called Strike 0-1: Ground out 4-3 (Groundball, 4, EV 105.0 MPH)
|
| Top of the 2nd over - 0 runs, 0 hits, 0 errors, 0 left on base; Lakewood 0 - West Virginia 0 |
| BOTTOM OF THE 2ND |
|
West Virginia Power batting - Pitching for Lakewood BlueClaws : RHP Pablo Medina
|
|
Batting: LHB Dustin Herman
|
0-0: Ball 1-0: Ball 2-0: Foul Ball, location: 2F 2-1: Ball 3-1: Base on Balls
|
|
Batting: RHB Rusty Trader
|
0-0: Foul Ball, location: 2F 0-1: Foul Ball, location: 2F 0-2: Strikes out swinging
|
|
Batting: SHB Rob Haney
|
0-0: Called Strike 0-1: Called Strike 0-2: Strikes out swinging
|
|
Batting: RHB Chris Arroyo
|
0-0: Foul Ball, location: 2F 0-1: Reached on error, E1 (Groundball, 25, EV 71.2 MPH) Dustin Herman to third
|
|
Batting: RHB David Zelaya
|
0-0: Ball 1-0: Ball 2-0: Ball 3-0: Called Strike 3-1: Swinging Strike 3-2: Foul Ball, location: 2F 3-2: Foul Ball, location: 2F 3-2: Fly out, F8 (Flyball, 89M, EV 88.1 MPH)
|
| Bottom of the 2nd over - 0 runs, 0 hits, 1 error, 2 left on base; Lakewood 0 - West Virginia 0 |
| TOP OF THE 3RD |
|
Lakewood BlueClaws batting - Pitching for West Virginia Power : RHP Ryan Burson
|
|
Batting: RHB Juan Valadez
|
0-0: Ball 1-0: Called Strike 1-1: Ball 2-1: Swinging Strike 2-2: Ground out 6-3 (Groundball, 6, EV 104.4 MPH)
|
|
Batting: RHB Trent Hedrick
|
0-0: Called Strike 0-1: Ground out 1-3 (Groundball, 34S, EV 68.1 MPH)
|
|
Batting: RHB Danny Habermehl
|
0-0: Ball 1-0: Foul Ball, location: 2F 1-1: Swinging Strike 1-2: Ball 2-2: Foul Ball, location: 2F 2-2: Strikes out swinging
|
| Top of the 3rd over - 0 runs, 0 hits, 0 errors, 0 left on base; Lakewood 0 - West Virginia 0 |
| BOTTOM OF THE 3RD |
|
West Virginia Power batting - Pitching for Lakewood BlueClaws : RHP Pablo Medina
|
|
Batting: RHB Hugo Montemayor
|
0-0: Foul Ball, location: 2F 0-1: Ground out 6-3 (Groundball, 6, EV 83.8 MPH)
|
|
Batting: RHB Melvin Durland
|
0-0: Ball 1-0: Ball 2-0: Called Strike 2-1: Bunt for hit to 23 - play at first, batter safe!
|
|
Batting: RHB Hidesuke Yoshida
|
0-0: Ball Melvin Durland steals 2nd, throwing error, E2 Melvin Durland to third 1-0: Foul Ball, location: 2F 1-1: Called Strike 1-2: Ball 2-2: SINGLE (Groundball, 34D, EV 101.2 MPH) Melvin Durland scores
|
|
Batting: RHB Ricky Alvarado
|
0-0: Ball Hidesuke Yoshida is caught stealing 2nd base 2-4 1-0: Ball 2-0: DOUBLE (Flyball, 89D, EV 106.2 MPH)
|
|
Batting: LHB Dustin Herman
|
0-0: Called Strike 0-1: Foul Ball, location: 2F 0-2: Ground out 4-3 (Groundball, 4, EV 85.6 MPH)
|
| Bottom of the 3rd over - 1 run, 3 hits, 1 error, 1 left on base; Lakewood 0 - West Virginia 1 |
| TOP OF THE 4TH |
|
Lakewood BlueClaws batting - Pitching for West Virginia Power : RHP Ryan Burson
|
|
Batting: RHB Tony Perez
|
0-0: SINGLE (Groundball, 4M, EV 100.6 MPH) (infield hit)
|
|
Batting: SHB Steve DeRienzo
|
0-0: Called Strike Tony Perez steals 2nd base 0-1: Ground out 6-3 (Groundball, 6, EV 80.0 MPH) Tony Perez to third
|
|
Batting: RHB Alan Weller
|
0-0: Ball 1-0: SINGLE (Groundball, 3S, EV 69.4 MPH) (infield hit) Tony Perez scores
|
|
Batting: SHB Brett St. Clair
|
0-0: Called Strike 0-1: Ball 1-1: Ball Alan Weller is caught stealing 2nd base 2-6 2-1: Swinging Strike 2-2: SOLO HOME RUN (Flyball, 7LD, EV 90.6 MPH), Distance : 347 ft
|
|
Batting: RHB Mike Maserang
|
0-0: Ball 1-0: Foul Ball, location: 2F 1-1: Ground out 6-3 (Groundball, 6M, EV 110.6 MPH)
|
| Top of the 4th over - 2 runs, 3 hits, 0 errors, 0 left on base; Lakewood 2 - West Virginia 1 |
| BOTTOM OF THE 4TH |
|
West Virginia Power batting - Pitching for Lakewood BlueClaws : RHP Pablo Medina
|
|
Batting: RHB Rusty Trader
|
0-0: Ball 1-0: Called Strike 1-1: Swinging Strike 1-2: Foul Ball, location: 2F 1-2: Foul Ball, location: 2F 1-2: Strikes out swinging
|
|
Batting: SHB Rob Haney
|
0-0: Swinging Strike 0-1: Ball 1-1: Foul Ball, location: 2F 1-2: Ball 2-2: Ground out 4-3 (Groundball, 4, EV 103.8 MPH)
|
|
Batting: RHB Chris Arroyo
|
0-0: Ball 1-0: Called Strike 1-1: Foul Ball, location: 2F 1-2: Ball 2-2: Ball 3-2: Foul Ball, location: 2F 3-2: Foul Ball, location: 2F 3-2: Strikes out swinging
|
| Bottom of the 4th over - 0 runs, 0 hits, 0 errors, 0 left on base; Lakewood 2 - West Virginia 1 |
| TOP OF THE 5TH |
|
Lakewood BlueClaws batting - Pitching for West Virginia Power : RHP Ryan Burson
|
|
Batting: LHB Josh George
|
0-0: Called Strike 0-1: Ball 1-1: Ground out 1-3 (Groundball, 13S, EV 68.1 MPH)
|
|
Batting: RHB Juan Valadez
|
0-0: Called Strike 0-1: Foul Ball, location: 2F 0-2: Ball 1-2: Ball 2-2: Strikes out swinging
|
|
Batting: RHB Trent Hedrick
|
0-0: Ball 1-0: Foul Ball, location: 2F 1-1: Foul Ball, location: 2F 1-2: Ground out 3-1 (Groundball, 34S, EV 86.2 MPH)
|
| Top of the 5th over - 0 runs, 0 hits, 0 errors, 0 left on base; Lakewood 2 - West Virginia 1 |
| BOTTOM OF THE 5TH |
|
West Virginia Power batting - Pitching for Lakewood BlueClaws : RHP Pablo Medina
|
|
Batting: RHB David Zelaya
|
0-0: Fly out, F7 (Flyball, 7LM, EV 96.2 MPH)
|
|
Batting: RHB Hugo Montemayor
|
0-0: Called Strike 0-1: Ball 1-1: Swinging Strike 1-2: Ball 2-2: Ground out 6-3 (Groundball, 6, EV 76.2 MPH)
|
|
Batting: RHB Melvin Durland
|
0-0: Foul Ball, location: 2F 0-1: Ball 1-1: Fly out, F9 (Flyball, 9D, EV 102.5 MPH)
|
| Bottom of the 5th over - 0 runs, 0 hits, 0 errors, 0 left on base; Lakewood 2 - West Virginia 1 |
| TOP OF THE 6TH |
|
Lakewood BlueClaws batting - Pitching for West Virginia Power : RHP Ryan Burson
|
|
Batting: RHB Danny Habermehl
|
0-0: Called Strike 0-1: Ground out 6-3 (Groundball, 6, EV 86.9 MPH)
|
|
Batting: RHB Tony Perez
|
0-0: Foul Ball, location: 2F 0-1: Reached on error, E5 (Groundball, 56, EV 93.8 MPH)
|
|
Batting: SHB Steve DeRienzo
|
0-0: Ball 1-0: Called Strike 1-1: Ball Tony Perez steals 2nd base 2-1: Swinging Strike 2-2: Foul Ball, location: 2F 2-2: Foul Ball, location: 2F 2-2: Strikes out swinging
|
|
Batting: RHB Alan Weller
|
0-0: Foul Ball, location: 2F 0-1: Swinging Strike 0-2: Ball 1-2: Ball 2-2: Ground out 4-3 (Groundball, 4, EV 106.9 MPH)
|
| Top of the 6th over - 0 runs, 0 hits, 1 error, 1 left on base; Lakewood 2 - West Virginia 1 |
| BOTTOM OF THE 6TH |
|
West Virginia Power batting - Pitching for Lakewood BlueClaws : RHP Pablo Medina
|
|
Batting: RHB Hidesuke Yoshida
|
0-0: Swinging Strike 0-1: Foul Ball, location: 2F 0-2: Ball 1-2: Strikes out swinging
|
|
Batting: RHB Ricky Alvarado
|
0-0: Ground out 6-3 (Groundball, 6, EV 104.4 MPH)
|
|
Batting: LHB Dustin Herman
|
0-0: Ball 1-0: Ball 2-0: Fly out, F9 (Flyball, 9D, EV 103.1 MPH)
|
| Bottom of the 6th over - 0 runs, 0 hits, 0 errors, 0 left on base; Lakewood 2 - West Virginia 1 |
| TOP OF THE 7TH |
|
Lakewood BlueClaws batting - Pitching for West Virginia Power : RHP Ryan Burson
|
|
Batting: SHB Brett St. Clair
|
0-0: Ball 1-0: Ball 2-0: Foul Ball, location: 2F 2-1: Foul Ball, location: 2F 2-2: Ball 3-2: Base on Balls
|
|
Pitching: RHP Hitoshi Yoshihara
|
|
|
Batting: RHB Mike Maserang
|
0-0: Ball 1-0: Single, Error in OF, E7, batter to second base (Groundball, 56D, EV 106.9 MPH) Brett St. Clair to third
|
|
Batting: LHB Josh George
|
0-0: Fly out, F8 (Flyball, 8RM, EV 87.5 MPH) Runner from 3rd tags up, OUT at HOME! 8-2 Mike Maserang to third
|
|
Batting: RHB Juan Valadez
|
0-0: Ball 1-0: Swinging Strike 1-1: Ball 2-1: Ball 3-1: Base on Balls
|
|
Batting: RHB Trent Hedrick
|
0-0: Ball 1-0: Called Strike 1-1: Fielders Choice at 2nd, 6-4 (Groundball, 6, EV 86.9 MPH)
|
| Top of the 7th over - 0 runs, 1 hit, 1 error, 2 left on base; Lakewood 2 - West Virginia 1 |
| BOTTOM OF THE 7TH |
|
West Virginia Power batting - Pitching for Lakewood BlueClaws : RHP Pablo Medina
|
|
Pitching: RHP Ron Knowles
|
|
|
Batting: RHB Rusty Trader
|
0-0: Ball 1-0: Foul Ball, location: 2F 1-1: Swinging Strike 1-2: Strikes out swinging
|
|
Batting: SHB Rob Haney
|
0-0: Ball 1-0: Ball 2-0: Foul Ball, location: 2F 2-1: Called Strike 2-2: SOLO HOME RUN (Flyball, 9D, EV 96.2 MPH), Distance : 364 ft
|
|
Batting: RHB Chris Arroyo
|
0-0: Ball 1-0: Called Strike 1-1: Fly out, F8 (Flyball, 8LD, EV 90.6 MPH)
|
|
Batting: RHB David Zelaya
|
0-0: Called Strike 0-1: Called Strike 0-2: Ball 1-2: DOUBLE (Line Drive, 5D, EV 98.8 MPH)
|
|
Pinch Hitting: SHB Don Hauk
|
0-0: SINGLE (Line Drive, 7S, EV 101.2 MPH) David Zelaya to third
|
|
Batting: RHB Melvin Durland
|
0-0: Called Strike 0-1: Ground out 4-3 (Groundball, 34, EV 85.6 MPH)
|
| Bottom of the 7th over - 1 run, 3 hits, 0 errors, 2 left on base; Lakewood 2 - West Virginia 2 |
| TOP OF THE 8TH |
|
Lakewood BlueClaws batting - Pitching for West Virginia Power : RHP Hitoshi Yoshihara
|
|
Now at 2B: Melvin Durland
|
|
|
Now in LF: Don Hauk
|
|
|
Batting: RHB Danny Habermehl
|
0-0: Called Strike 0-1: Swinging Strike 0-2: Ball 1-2: Ball 2-2: Ball 3-2: SINGLE (Line Drive, 3D, EV 101.2 MPH)
|
|
Batting: RHB Tony Perez
|
0-0: Sac Bunt to 23 - play at first, batter OUT! 3-4 Danny Habermehl to second
|
|
Batting: SHB Steve DeRienzo
|
0-0: Ball 1-0: Ball 2-0: Called Strike 2-1: Ground out 4-3 (Groundball, 4, EV 86.9 MPH) Danny Habermehl to third
|
|
Batting: RHB Alan Weller
|
0-0: Ball 1-0: Ball 2-0: Ball 3-0: Base on Balls
|
|
Batting: SHB Brett St. Clair
|
0-0: Called Strike 0-1: Called Strike 0-2: Foul Ball, location: 2F 0-2: Strikes out swinging
|
| Top of the 8th over - 0 runs, 1 hit, 0 errors, 2 left on base; Lakewood 2 - West Virginia 2 |
| BOTTOM OF THE 8TH |
|
West Virginia Power batting - Pitching for Lakewood BlueClaws : RHP Ron Knowles
|
|
Pitching: RHP Alec Guglielmo
|
|
|
Batting: RHB Hidesuke Yoshida
|
0-0: Foul Ball, location: 2F 0-1: Ball 1-1: Ground out 1-3 (Groundball, 13S, EV 70.6 MPH)
|
|
Batting: RHB Ricky Alvarado
|
0-0: Fly out, F5 (Popup, 56S, EV 73.8 MPH)
|
|
Batting: LHB Dustin Herman
|
0-0: Ball 1-0: Ball 2-0: Ball 3-0: Foul Ball, location: 2F 3-1: Base on Balls
|
|
Batting: RHB Rusty Trader
|
0-0: Called Strike 0-1: Fly out, F9 (Flyball, 89S, EV 94.4 MPH)
|
| Bottom of the 8th over - 0 runs, 0 hits, 0 errors, 1 left on base; Lakewood 2 - West Virginia 2 |
| TOP OF THE 9TH |
|
Lakewood BlueClaws batting - Pitching for West Virginia Power : RHP Hitoshi Yoshihara
|
|
Pitching: RHP Justin West
|
|
|
Batting: RHB Mike Maserang
|
0-0: SINGLE (Groundball, 6MD, EV 98.1 MPH)
|
|
Batting: LHB Josh George
|
0-0: Ball 1-0: Foul Ball, location: 2F 1-1: Ball 2-1: Ball 3-1: Called Strike 3-2: Base on Balls Mike Maserang to second
|
|
Pinch Hitting: LHB Matt Urbanek
|
0-0: Bunt missed! 0-1: Sac Bunt to 3S - play at first, batter OUT! 3-1 Mike Maserang to third Josh George to second
|
|
Pinch Hitting: LHB Eric Farren
|
0-0: Intentional Walk
|
|
Batting: RHB Danny Habermehl
|
0-0: Ball 1-0: Ball 2-0: Foul Ball, location: 2F 2-1: Ball 3-1: Called Strike 3-2: Strikes out swinging
|
|
Batting: RHB Tony Perez
|
0-0: Ball 1-0: Swinging Strike 1-1: Ball 2-1: Ball 3-1: Base on Balls Mike Maserang scores Josh George to third Eric Farren to second
|
|
Batting: SHB Steve DeRienzo
|
0-0: Ball 1-0: Ball 2-0: Ball 3-0: Called Strike 3-1: Fly out, F7 (Flyball, 7, EV 83.8 MPH)
|
| Top of the 9th over - 1 run, 1 hit, 0 errors, 3 left on base; Lakewood 3 - West Virginia 2 |
| BOTTOM OF THE 9TH |
|
West Virginia Power batting - Pitching for Lakewood BlueClaws : RHP Alec Guglielmo
|
|
Pitching: RHP Ramon Mena
|
|
|
Now at SS: Kyle Reilly
|
|
|
Now in CF: Matt Urbanek
|
|
|
Pinch Hitting: RHB Jaime Dubicki
|
0-0: Ball 1-0: Called Strike 1-1: Foul Ball, location: 2F 1-2: Ground out 1-3 (Groundball, 34S, EV 60.6 MPH)
|
|
Batting: RHB Chris Arroyo
|
0-0: Ball 1-0: Fly out, F9 (Flyball, 9S, EV 76.9 MPH)
|
|
Pinch Hitting: LHB Shuan-yan Wu
|
0-0: Ball 1-0: Ball 2-0: Ground out 4-3 (Groundball, 34, EV 83.8 MPH)
|
| Bottom of the 9th over - 0 runs, 0 hits, 0 errors, 0 left on base; Lakewood 3 - West Virginia 2 |
|